 Seeded DCSS version 0.29-a0-802-g34511f41fd (webtiles) character file.

Game seed: 20220703 (custom seed)

14387 a11behringer the Severer (level 11, -1/142 HPs)
             Began as a Minotaur Berserker on July 3, 2022.
             Was a High Priest of Trog.
             Killed from afar by a fire dragon (44 damage)
             ... with a blast of flame
             ... on level 13 of the Dungeon.
             The game lasted 00:29:10 (11639 turns).

a11behringer the Severer (Minotaur Berserker)      Turns: 11639, Time: 00:29:11

Health: -1/142     AC: 31    Str: 26    XL:     11   Next: 88%
Magic:  19/19      EV:  6    Int:  4    God:    Trog [*****.]
Gold:   872        SH:  5    Dex: 10    Spells: 10/10 levels left

rFire   . . .      SeeInvis .   N - +7 battleaxe
rCold   . . .      Faith    .   (shield currently unavailable)
rNeg    . . .      Spirit   .   g - +3 crystal plate armour
rPois   .          Reflect  +   (helmet restricted)
rElec   .          Harm     .   G - +0 cloak
rCorr   .          Rampage  .   (no gloves)
Will    ++...                   L - +0 pair of boots
Stlth   ..........              H - amulet of reflection
HPRegen 1.33/turn               c - ring of magical power
MPRegen 0.16/turn               M - +4 ring of protection

@: berserking, strong-willed, regenerating, very quick
A: horns 2, retaliatory headbutt
a: Renounce Religion, Berserk, Trog's Hand, Brothers in Arms


You were on level 13 of the Dungeon.
You worshipped Trog.
Trog was extremely pleased with you.
You visited 1 branch of the dungeon, and saw 13 of its levels.
You also visited: Sewer.

You collected 872 gold pieces.

Inventory:

Hand Weapons
 b - a +0 shortbow
 e - a +0 sling of venom
 v - a +3 scythe of venom
 x - a +3 vampiric war axe
 K - a +2 war axe of flaming
 N - a +7 battleaxe (weapon)
 O - a +2 war axe of freezing
 P - the +11 shortbow of Laceration {vorpal, rF- Will++ Int+2}
   (You found it on level 10 of the Dungeon)

   Any ammunition fired from it inflicts extra damage upon your enemies.
   Int:       It affects your intelligence (+2).
   rF:        It makes you vulnerable to fire.
   Will:      It greatly increases your willpower.
 X - a +6 halberd of flaming
Missiles
 R - a throwing net (quivered)
Armour
 g - a +3 crystal plate armour (worn)
 n - a +0 buckler
 o - a +0 tower shield
 w - a +2 robe of willpower
 C - a +0 troll leather armour {Pargi}
 G - a +0 cloak (worn)
 L - a +0 pair of boots (worn)
Jewellery
 c - a ring of magical power (left hand)
 k - a +6 ring of intelligence
 H - an amulet of reflection (around neck)
 M - a +4 ring of protection (right hand)
 S - an amulet of regeneration
Wands
 a - a wand of flame (54)
 y - a wand of quicksilver (12)
 E - a wand of roots (12)
Scrolls
 d - 3 scrolls of torment
 j - 4 scrolls of teleportation
 l - 4 scrolls of fear
 I - a scroll of poison
 J - a scroll of fog
 Q - 2 scrolls of amnesia
 V - a scroll of blinking
Potions
 f - a potion of berserk rage {unknown}
 h - 2 potions of might
 i - 2 potions of invisibility {unknown}
 m - 3 potions of flight
 p - 4 potions of attraction
 q - 7 potions of heal wounds
 r - 4 potions of cancellation
 s - 2 potions of mutation
 t - 3 potions of degeneration {unknown}
 u - 2 potions of lignification
 z - 3 potions of haste
 A - 5 potions of ambrosia
 B - 2 potions of magic
 D - 6 potions of curing
 F - a potion of brilliance {unknown}
Miscellaneous
 U - a piece from Xom's chessboard (15/15)


   Skills:
 + Level 8.5 Fighting
 * Level 17.9 Axes
 * Level 11.4 Armour
 + Level 2.5 Dodging
 + Level 4.7 Shields


You had 10 spell levels left.
You didn't know any spells.
Your spell library was empty.

Dungeon Overview and Level Annotations

Branches:
Dungeon (13/15)            Temple (0/1) D:5            Lair (0/6) D:8
    Orc (0/2) D:11          Sewer (visited)
 Vaults: D:13-14

Altars:
Ashenzari
Cheibriados
Dithmenos
Fedhas
Kikubaaqudgha
Makhleb
Nemelex Xobeh
Okawaru
Trog
Uskayaw
Vehumet
Wu Jian
Xom
The Shining One

Shops:
D:3 =   D:10 **(*   D:13 :


Innate Abilities, Weirdness & Mutations

You have a pair of horns on your head.
You reflexively headbutt those who attack you in melee.


Message History

You closely miss the fire dragon. The fire dragon completely misses you.
The fire dragon claws you but does no damage.
The fire dragon tramples you but does no damage.
You barely miss the fire dragon. The fire dragon breathes flames at you.
The blast of flame hits you!!
* * * LOW HITPOINT WARNING * * *
You hear a roar!
You completely miss the fire dragon. You block the fire dragon's attack. x2
The fire dragon tramples you.
* * * LOW HITPOINT WARNING * * *
You hold your ground!
You slash the fire dragon!
The fire dragon is lightly wounded.
You slice the fire dragon!!
The fire dragon is moderately wounded.
The fire dragon bites you but does no damage.
The fire dragon claws you!
* * * LOW HITPOINT WARNING * * *
The fire dragon tramples you but does no damage.
You barely miss the fire dragon.
You headbutt the fire dragon, but do no damage.
The fire dragon is moderately wounded.
The fire dragon bites you but does no damage.
The fire dragon claws you but does no damage.
The fire dragon tramples you but does no damage.
You feel much better. You block the fire dragon's attack.
The fire dragon claws you but does no damage.
The fire dragon tramples you!
You stumble backwards!
Your skin crawls.
You feel strong-willed. The fire dragon bites you! The fire dragon claws you.
The fire dragon tramples you.
* * * LOW HITPOINT WARNING * * *
You hold your ground!
A red film seems to cover your vision as you go berserk!
You feel yourself moving faster!
You feel mighty! The fire dragon breathes flames at you.
The blast of flame hits you!!!
You die...

##########
#..##....#########
#..<..............
#.........[.......
##+##.................
#...#..##.[..##..<....
+...D@+###'####.......
#...#...#.....†.......
#####...#.............
....#.....#...####
....#.......:.#
.....#....∩....#
.....#.........#
#.....#....#....#
##...##...#


You could see a fire dragon (catching breath).

Vanquished Creatures
  2 hydras (D:12)
  3 two-headed ogres
  Nergalle (D:10)
  An ugly thing (D:13)
  A manticore (D:9)
  A gargoyle (D:12)
  An unseen horror (D:12)
  3 trolls
  A hornet (D:10)
  A queen bee (D:11)
  Sigmund (D:5)
  3 wyverns
  A vampire (D:10)
  4 fire bats (D:10)
  4 yaks (D:9)
  A steam dragon (D:7)
  Grum (D:8)
  2 vampire mosquitoes (D:11)
  3 acid dragons
  A water moccasin (D:4)
  A hell hound (D:10)
  Pargi (Sewer)
  6 orc warriors
  A black bear (D:7)
  3 sky beasts
  4 wolves (D:8)
  4 centaurs
  3 phantoms
  Blork the orc (D:5)
  4 kobold brigands
  5 bullfrogs
  A necrophage (D:6)
  2 scorpions
  6 wights (D:8)
  31 killer bees
  A howler monkey (D:6)
  An electric eel (D:9)
  2 lava snakes (D:10)
  2 hounds
  A jelly (D:8)
  12 orc priests
  A gnoll bouda (D:9)
  2 iguanas
  12 orc wizards
  3 gnolls (D:9)
  10 adders
  A white imp (D:8)
  2 ufetubi
  4 worms
  A dart slug (D:1)
  47 orcs
  12 endoplasms
  A giant cockroach (D:1)
  2 goblins (D:1)
  8 hobgoblins
  17 kobolds
  4 quokkas
  10 ball pythons
  3 bats
  7 frilled lizards
  2 rats
  3 fire vortices (D:10)
280 creatures vanquished.

Vanquished Creatures (others)
  A wizard (D:3)
  10 withered plants (D:10)
11 creatures vanquished.

Grand Total: 291 creatures vanquished

Notes
Turn   | Place    | Note
-------+----------+-------------------------------------------
     0 | D:1      | a11behringer the Minotaur Berserker began the quest for the
                  | Orb.
     0 | D:1      | Reached XP level 1. HP: 19/19 MP: 0/0
    89 | D:1      | Reached skill level 4 in Axes
   100 | D:1      | Reached XP level 2. HP: 25/27 MP: 1/1
   109 | D:1      | Found a faded altar of an unknown god.
  1278 | D:2      | Reached XP level 3. HP: 33/33 MP: 2/2
  1365 | D:3      | Found a burning altar of Makhleb.
  1599 | D:3      | Found Bantehar's Jewellery Shoppe.
  1685 | D:3      | Found a snail-covered altar of Cheibriados.
  1765 | D:3      | Reached skill level 5 in Axes
  1806 | D:3      | You fall into a shaft and drop 2 floors!
  1806 | D:5      | Entered Level 5 of the Dungeon
  1825 | D:5      | Noticed Sigmund
  1828 | D:5      | Found a staircase to the Ecumenical Temple.
  1834 | D:5      | Killed Sigmund
  1835 | D:5      | Reached skill level 6 in Axes
  1835 | D:5      | Reached XP level 4. HP: 30/41 MP: 3/3
  1835 | D:5      | Reached XP level 5. HP: 35/47 MP: 4/4
  2188 | D:5      | Noticed Blork the orc
  2200 | D:5      | Killed Blork the orc
  2201 | D:5      | Reached skill level 7 in Axes
  2201 | D:5      | Reached XP level 6. HP: 39/53 MP: 5/5
  2204 | D:5      | Reached ** piety under Trog
  2214 | D:5      | Found a glowing drain.
  2227 | Sewer    | Entered a sewer
  2348 | Sewer    | Noticed Pargi
  2359 | Sewer    | Killed Pargi
  2527 | D:5      | Reached skill level 8 in Axes
  2530 | D:5      | Reached XP level 7. HP: 54/60 MP: 6/6
  2831 | D:4      | Reached skill level 5 in Fighting
  2831 | D:4      | Reached skill level 5 in Armour
  3131 | D:3      | Reached skill level 9 in Axes
  3228 | D:3      | Found a bloodstained altar of Trog.
  3231 | D:3      | Noticed a wizard
  3237 | D:3      | Killed a wizard
  3473 | D:4      | Reached *** piety under Trog
  3975 | D:4      | Found an ornate altar of the Wu Jian Council.
  4122 | D:5      | Identified the +1 ring mail of the Ten of Swords {MP+9}
  4479 | D:6      | Reached XP level 8. HP: 68/68 MP: 7/7
  4490 | D:6      | Reached skill level 1 in Shields
  4524 | D:6      | Found a radiant altar of Vehumet.
  4533 | D:6      | Reached skill level 10 in Axes
  4706 | D:6      | Found a hide-covered altar of Uskayaw.
  5061 | D:7      | Reached skill level 11 in Axes
  5220 | D:7      | Reached XP level 9. HP: 75/75 MP: 8/8
  5367 | D:7      | Reached skill level 12 in Axes
  5679 | D:7      | Found a glowing golden altar of the Shining One.
  5890 | D:8      | Noticed a two-headed ogre
  5905 | D:8      | Killed a two-headed ogre
  5936 | D:8      | Reached skill level 13 in Axes
  6106 | D:8      | Found a shadowy altar of Dithmenos.
  6111 | D:8      | Found a staircase to the Lair.
  6147 | D:8      | Found a shimmering altar of Xom.
  6152 | D:8      | Reached **** piety under Trog
  6400 | D:8      | Noticed a two-headed ogre
  6411 | D:8      | Killed a two-headed ogre
  6412 | D:8      | Reached XP level 10. HP: 54/84 MP: 9/9
  6741 | D:8      | Found a broken altar of Ashenzari.
  6881 | D:8      | Noticed Grum
  6884 | D:8      | Reached skill level 14 in Axes
  6894 | D:8      | Killed Grum
  6998 | D:8      | Found a sparkling altar of Nemelex Xobeh.
  6998 | D:8      | Found a blossoming altar of Fedhas.
  6999 | D:8      | Found an iron altar of Okawaru.
  7252 | D:9      | Noticed a manticore
  7257 | D:9      | Killed a manticore
  7320 | D:9      | Reached skill level 15 in Axes
  7321 | D:9      | Reached skill level 10 in Armour
  8117 | D:10     | Entered Level 10 of the Dungeon
  8127 | D:10     | Found Righehiuk's Assorted Antiques.
  8267 | D:10     | Noticed Nergalle
  8281 | D:10     | Killed Nergalle
  8282 | D:10     | Reached XP level 11. HP: 44/93 MP: 10/10
  8531 | D:10     | Found Wuepn's Assorted Antiques.
  8533 | D:10     | Found Quijeq's Antique Weapon Shoppe.
  8691 | D:10     | Reached skill level 16 in Axes
  8717 | D:10     | Identified the +11 shortbow of Laceration {vorpal, rF-
                  | Will++ Int+2}
  8923 | D:10     | Found an ancient bone altar of Kikubaaqudgha.
  8965 | D:10     | Found Repneome's General Store.
  9061 | D:10     | Noticed a two-headed ogre
  9066 | D:10     | Killed a two-headed ogre
  9251 | D:11     | Found a staircase to the Orcish Mines.
  9611 | D:11     | Reached ***** piety under Trog
  9715 | D:11     | Reached skill level 17 in Axes
 10541 | D:12     | Noticed a four-headed hydra
 10552 | D:12     | Killed a one-headed hydra
 10636 | D:12     | Noticed an eight-headed hydra
 10645 | D:12     | Killed a three-headed hydra
 10836 | D:12     | Received a gift from Trog
 11562 | D:13     | Found Qorghoarus's Book Shop.
 11569 | D:13     | Noticed a cyan ugly thing
 11579 | D:13     | Killed a cyan ugly thing
 11629 | D:13     | Noticed a fire dragon
 11639 | D:13     | Killed from afar by a fire dragon

Illustrated notes

Levels and vault maps discovered:
D:1:      tarquinn_simple_flora_water_d, layout_rooms,
          dreamdust_ecumenical_altar_grove
D:2:      layout_loops_corners
D:3:      layout_loops_ring, amcnicky_altar_gilded, trog_wizard, bloody_makhleb,
          serial_shops, shop_fountains
D:4:      layout_basic, lemuel_coloured_pillars_altar, bh_walls_and_bars
D:5:      layout_basic, temple_pool_b, cheibrodos_sewer_entry_drain,
          uniq_blork_the_orc, uniq_sigmund
D:6:      layout_rooms, nicolae_uskayaw_dance_hall, lemuel_doored_altar
D:7:      layout_rooms, nicolae_tso_swordbearing_angel
D:8:      layout_basic, mainiacjoe_overflow_small_starburst,
          mainiacjoe_overflow_alcove_1, nicolae_overflow_hidden_temple,
          uniq_grum
D:9:      layout_loops_ring, kennysheep_opposing_triangles
D:10:     layout_roguey, led_sif_pool, kiku_gazebo_garden_becter, serial_shops,
          shop, kennysheep_little_box, shop, shop, nicolae_shop_waterfront,
          hangedman_incinerator, uniq_nergalle
D:11:     layout_loops_corners, erik_orc_4, minmay_variable_closet, minivault_7
D:12:     layout_roguey
D:13:     emtedronai_trogs_sanctum, layout_gridville, david_vaults_5,
          serial_shops, shop_coins, serial_undead, serial_undead_c,
          serial_undead_d, serial_undead_a, serial_undead_d,
          portal_ice_cave_entry_ice_simulacra, minmay_evil_grid

Skill      XL: |  1  2  3  4  5  6  7  8  9 10 11 |
---------------+----------------------------------+-----
Axes           | 4 6 7 8 9 11 13 15 17 | 17.9
Fighting       | 4 5 6 7 8 |  8.5
Armour         | 3 4 5 7 9 10 11 | 11.4
Shields        | 1 3 4 |  4.7
Dodging        | |  2.5

Action                   |  1- 3 |  4- 6 |  7- 9 | 10-12 || total
-------------------------+-------+-------+-------+-------++-------
Melee: Hand axe          |    79 |    25 |       |       ||   104
       Headbutt          |     8 |    11 |    36 |    42 ||    97
       War axe           |       |    48 |   191 |    17 ||   256
       Battleaxe         |       |       |    45 |   256 ||   301
       Punch             |       |       |       |     1 ||     1
Invok: Berserk           |     1 |     1 |     3 |     4 ||     9
       Trog's Hand       |       |     1 |     1 |     3 ||     5
  Use: Scroll            |     5 |       |    10 |    10 ||    25
       Potion            |       |       |       |     1 ||     1
Armor: Animal skin       |     2 |       |       |       ||     2
       Crystal plate arm |    43 |    85 |   151 |   278 ||   557
Dodge: Dodged            |    21 |    17 |    47 |    66 ||   151
Block: Buckler           |     2 |     7 |    50 |       ||    59
       Other             |       |       |    10 |    67 ||    77
       Reflection        |       |       |     1 |     3 ||     4

Table legend: (Time is in decaauts)
 A = Elapsed time spent in this place.
 B = Non-inter-level travel time spent in this place.
 C = Inter-level travel time spent in this place.
 D = Time resting spent in this place.
 E = Time spent auto-exploring this place.
 F = Levels seen in this place.
 G = Mean time per level.
                   A        B        C        D        E       F      G
               +--------+--------+--------+--------+--------+-----+--------+
         Total |  11730 |  10905 |    825 |      0 |   9277 |  14 |  837.9 |
       Dungeon |  11516 |  10691 |    825 |      0 |   9223 |  13 |  885.8 |
         Sewer |    213 |    213 |      0 |      0 |     54 |   1 |  213.0 |
               +--------+--------+--------+--------+--------+-----+--------+

Top non-repeatable levels by time:
     D:8: 1262 daAuts
    D:11: 1255 daAuts
     D:5: 1106 daAuts
    D:12: 1098 daAuts
    D:10: 1080 daAuts
     D:9: 1068 daAuts
     D:4: 948 daAuts
     D:3: 838 daAuts
     D:2: 804 daAuts
     D:7: 793 daAuts
     D:6: 630 daAuts
     D:1: 557 daAuts
   Sewer: 213 daAuts
    D:13: 73 daAuts
